cohdb
Replays
Latest Replays
All Replays
Popular Replays
Top Player Replays
Match Explorer
How It Works
Community
CoH3 Stats
Reddit
Sign in to upload your games and track your stats! →
Sign in with Steam
Match 45776929
Unlisted
Match 45776929
Overview
Messages
Build Orders
End
Selects Heavy Weapons
Construct Weapon Support Center
Engineer Squad
M1919 Machine Gun Team
Bazooka Squad
Construct Barracks
Riflemen Squad
Selects Assault Carriers
Air Support Center
Grenade Package
P-47 Dive Bomb
Grasshopper Recon Run
M3 Assault Carrier
Construct Medical Station
Selects M2HB .50cal Heavy Machine Gun
P-47 Strafing Run
Improved M9 Bazooka Rockets
Grasshopper Recon Run
P-47 Dive Bomb
P-47 Strafing Run
Selects Exchangeable Parts
Riflemen Squad
M1918 Browning Automatic Rifles
Grasshopper Recon Run
P-47 Dive Bomb
M3 Assault Carrier
P-47 Strafing Run
M1919 Machine Gun Team
P-47 Strafing Run
Construct Tank Depot
Riflemen Squad
M4A1 Sherman Medium Tank
Grasshopper Recon Run
M18 Hellcat Tank Destroyer
P-47 Dive Bomb
M18 Hellcat Tank Destroyer
Grasshopper Recon Run
M3 Assault Carrier
Riflemen Squad
M4(105) Sherman Bulldozer
Grasshopper Recon Run
P-47 Strafing Run
M18 Hellcat Tank Destroyer
Selects M26 Pershing Heavy Tank
P-47 Dive Bomb
M4(105) Sherman Bulldozer
Riflemen Squad
Storm-Shadow
NSR
Rope Salesm4n
Field marshal Prince
Veexx
livaï
cha_Ahai
HaytamK
0
0
Comments
sign in to comment!
No comments posted yet!